 Dungeon Crawl Stone Soup version 0.21.1-1-g345015f (webtiles) character file.

194 Mirai the Sneak (level 6, 0/33 HPs)
             Began as a Kobold Enchanter on Apr 24, 2018.
             Slain by a hobgoblin
             ... wielding a +0 club
              (6 damage)
             ... on level 3 of the Dungeon.
             The game lasted 00:07:06 (2407 turns).

Mirai the Sneak (Kobold Enchanter)                  Turns: 2407, Time: 00:07:06

Health: 0/33       AC:  2    Str:  6    XL:     6   Next: 3%
Magic:  10/10      EV: 16    Int: 17    God:
Gold:   79         SH:  0    Dex: 16    Spells: 2/11 levels left

rFire    . . .     SeeInvis .   a - +1 dagger
rCold    . . .     Gourm    .   (shield restricted)
rNeg     . . .     Faith    .   b - +0 robe
rPois    .         Spirit   .   (no helmet)
rElec    .         Reflect  .   (no cloak)
rCorr    .         Harm     .   (no gloves)
MR       .....                  (no boots)
Stlth    +++.......             (no amulet)
HPRegen  0.11/turn              (no ring)
MPRegen  0.12/turn              (no ring)

@: no status effects
A: small, carnivore
a: no special abilities


You were on level 3 of the Dungeon.
You were completely stuffed.

You visited 1 branch of the dungeon, and saw 3 of its levels.

You collected 79 gold pieces.

Inventory:

Hand Weapons
 a - a +1 dagger (weapon)
Armour
 b - a +0 robe (worn)
 q - a +0 leather armour
Scrolls
 f - a scroll of teleportation {unknown}
 i - 2 scrolls of enchant weapon {unknown}
 j - 6 scrolls of identify {unknown}
 k - a scroll of enchant armour {unknown}
 l - 2 scrolls of amnesia {unknown}
 m - 3 scrolls of remove curse {unknown}
 n - a scroll of fog {unknown}
 r - 3 scrolls of immolation {unknown}
Potions
 e - 2 potions of curing
 g - a potion of brilliance {unknown}
 o - a potion of flight {unknown}
 p - a potion of berserk rage {unknown}
 s - 2 potions of might {unknown}
Books
 c - a book of Maledictions

   Spells                             Type                      Level
   a - Corona                         Hexes                        1
   b - Ensorcelled Hibernation        Hexes/Ice                    2
   c - Confuse                        Hexes                        3
   d - Tukima's Dance                 Hexes                        3
   e - Dazzling Spray                 Conjuration/Hexes            3
Comestibles
 d - 5 rations
 h - a chunk of flesh


   Skills:
 + Level 0.5 Fighting
 + Level 3.2 Short Blades
 + Level 3.6 Dodging
 + Level 5.3 Stealth
 + Level 3.1 Spellcasting
 + Level 3.7 Hexes
 + Level 0.6 Ice Magic


You had 2 spell levels left.
You knew the following spells:

 Your Spells              Type           Power        Failure   Level  Hunger
a - Corona                Hex            ###....      3%          1    None
b - Ensorcelled Hibernat  Hex/Ice        ##....       11%         2    ##.....
c - Tukima's Dance        Hex            ###.....     11%         3    ###....
d - Confuse               Hex            ###.....     11%         3    ###....


Dungeon Overview and Level Annotations

Branches:
Dungeon (3/15)

Altars:
Kikubaaqudgha
Uskayaw

Annotations:
D:3 Sigmund


Innate Abilities, Weirdness & Mutations

You are small and have problems with some larger weapons.
You are carnivorous and can eat meat at any time.


Message History

You see here a scale mail.
It was a potion of curing.
You feel better. The hobgoblin closely misses you.
Unknown command.
You closely miss the hobgoblin.
The hobgoblin is moderately wounded.
The hobgoblin closely misses you.
You barely miss the hobgoblin. The goblin hits you with a club.
Something barely misses you.
You hit the hobgoblin.
The hobgoblin is severely wounded.
The hobgoblin misses you. The goblin barely misses you.
You completely miss the hobgoblin.
The hobgoblin is severely wounded.
The hobgoblin barely misses you. Something hits you.
* * * LOW HITPOINT WARNING * * *
The goblin hits you but does no damage.
You hit the hobgoblin but do no damage.
The hobgoblin is severely wounded.
The hobgoblin hits you with a club.
You die...

#####
..........#..@#
..........#.gg#
##........##...##
#.......(..#....#
#..........#....##
#..........##....#
#................##
...
#.)...............#
......
##...........(....#
......


You could see a hobgoblin and a goblin.

Vanquished Creatures
  A vampire bat (D:2)
  A hound (D:2)
  3 gnolls (D:2)
  2 adders (D:2)
  A worm (D:2)
  2 dart slugs
  2 ball pythons (D:1)
  4 bat skeletons (D:2)
  2 bat zombies (D:2)
  3 giant cockroaches
  11 goblins
  7 hobgoblins
  9 jackals (D:2)
  4 kobolds
  6 bats
  6 frilled lizards
  6 rats
70 creatures vanquished.

Vanquished Creatures (collateral kills)
  A frilled lizard (D:2)
1 creature vanquished.

Grand Total: 71 creatures vanquished

Notes
Turn   | Place    | Note
-------+----------+-------------------------------------------
     0 | D:1      | Mirai the Kobold Enchanter began the quest for the Orb.
     0 | D:1      | Reached XP level 1. HP: 10/10 MP: 3/3
   104 | D:1      | Reached XP level 2. HP: 15/15 MP: 5/5
   108 | D:1      | Learned a level 2 spell: Ensorcelled Hibernation
   458 | D:1      | Reached XP level 3. HP: 13/19 MP: 6/6
   960 | D:2      | Reached XP level 4. HP: 6/24 MP: 7/7
  1238 | D:2      | Learned a level 3 spell: Tukima's Dance
  1364 | D:2      | Reached skill level 5 in Stealth
  1510 | D:2      | Reached XP level 5. HP: 24/28 MP: 9/9
  1785 | D:2      | Learned a level 3 spell: Confuse
  1791 | D:2      | Found an ancient bone altar of Kikubaaqudgha.
  2237 | D:3      | Reached XP level 6. HP: 33/33 MP: 7/10
  2301 | D:3      | Found a hide-covered altar of Uskayaw.
  2374 | D:3      | Noticed Sigmund
  2407 | D:3      | Slain by a hobgoblin

Skill      XL: |  1  2  3  4  5 |
---------------+----------------+-----
Short Blades   | 2 3 |  3.2
Dodging        | 3 |  3.6
Stealth        | 5 |  5.3
Spellcasting   | 3 |  3.1
Fighting       | |  0.5
Hexes          | |  3.7
Ice Magic      | |  0.6

Action                   |  1- 3 |  4- 6 || total
-------------------------+-------+-------++-------
Melee: Dagger            |   137 |   184 ||   321
 Cast: Ensorcelled Hiber |     2 |    12 ||    14
       Tukima's Dance    |       |     1 ||     1
       Confuse           |       |     2 ||     2
       Corona            |       |     1 ||     1
  Use: Potion            |       |     1 ||     1
 Stab: Sleeping          |    11 |    11 ||    22
       Confused          |       |     1 ||     1
  Eat: Chunk             |     9 |     6 ||    15
Armor: Robe              |    18 |    23 ||    41
Dodge: Dodged            |    97 |   186 ||   283
